 Dungeon Crawl Stone Soup version 0.29.1-4-g47bece8355 (webtiles) character file.

Game seed: 7104053973981097632

1 ChadusMaximus the Caller (level 1, -1/13 HPs)
             Began as a Human Summoner on Dec 9, 2022.
             Slain by a hobgoblin (2 damage)
             ... on level 1 of the Dungeon.
             The game lasted 00:00:15 (72 turns).

ChadusMaximus the Caller (Human Summoner)             Turns: 72, Time: 00:00:15

Health: -1/13      AC:  2    Str:  8    XL:     1   Next: 22%
Magic:  1/3        EV: 12    Int: 15    God:
Gold:   0          SH:  0    Dex: 13    Spells: 3/4 levels left

rFire   . . .      SeeInvis .   (no weapon)
rCold   . . .      Faith    .   (no shield)
rNeg    . . .      Spirit   .   a - +0 robe
rPois   .          Reflect  .   (no helmet)
rElec   .          Harm     .   (no cloak)
rCorr   .          Rampage  .   (no gloves)
Will    .....                   (no boots)
Stlth   ++........              (no amulet)
HPRegen 0.04/turn               (no ring)
MPRegen 0.08/turn               (no ring)

@: very slightly contaminated
A: no striking features
a: no special abilities


You were on level 1 of the Dungeon.
You visited 1 branch of the dungeon, and saw 1 of its levels.

Inventory:

Armour
 a - a +0 robe (worn)
Potions
 b - a potion of magic
 c - a potion of degeneration {unknown}


   Skills:
 + Level 2.0 Dodging
 + Level 2.0 Stealth
 + Level 2.0 Spellcasting
 + Level 4.0 Summonings


You had 3 spell levels left.
You knew the following spells:

 Your Spells              Type           Power      Damage    Failure   Level
a - Summon Small Mammal   Summ           52%        N/A       4%          1

Your spell library contained the following spells:

 Spells                   Type           Power      Damage    Failure   Level
 Call Imp                 Summ           13%        N/A       6%          2
 Call Canine Familiar     Summ           13%        N/A       13%         3
 Summon Guardian Golem    Hex/Summ       7%         N/A       28%         3
 Summon Lightning Spire   Summ/Air       7%         N/A       67%         4


Dungeon Overview and Level Annotations

Branches:
Dungeon (1/15)

Altars:


Message History

Casting: Summon Small Mammal (safe; 4% risk of failure)
Confirm with . or Enter, or press ? or * to list all spells.
The hobgoblin hits you but does no damage.
You swap places.
Your bat hits the hobgoblin but does no damage.
Your bat hits the hobgoblin.
The hobgoblin completely misses your bat.
There are no items here.
Your bat closely misses the hobgoblin.
The hobgoblin hits your bat.
Your bat dies!
Your bat's corpse disappears in a puff of smoke!
Your quokka barely misses the hobgoblin.
Your quokka bites the hobgoblin but does no damage.
Your quokka misses the hobgoblin. The quokka closely misses your quokka.
The hobgoblin hits you.
Your quokka barely misses the hobgoblin.
The quokka closely misses your quokka. The hobgoblin barely misses you.
Your quokka bites the hobgoblin.
The quokka barely misses your quokka. The hobgoblin misses you.
Your quokka bites the hobgoblin.
The quokka closely misses your quokka. The hobgoblin barely misses you.
Casting: Summon Small Mammal (safe; 4% risk of failure)
Confirm with . or Enter, or press ? or * to list all spells.
You miscast Summon Small Mammal.
You are very lightly contaminated with residual magic.
Nothing appears to happen.
Your quokka closely misses the hobgoblin.
The quokka misses your quokka. The hobgoblin hits you.
Your quokka barely misses the hobgoblin.
The quokka barely misses your quokka.
Your quokka closely misses the hobgoblin.
The quokka bites your quokka. The hobgoblin hits you.
Your quokka bites the quokka.
The quokka bites your quokka. The hobgoblin hits you.
* * * LOW HITPOINT WARNING * * *
Your quokka barely misses the quokka.
The quokka bites your quokka.
Your quokka dies!
Your quokka's corpse disappears in a puff of smoke!
The hobgoblin hits you.
You die...

#.# #.. . #.# .. #.#.#
... ### #.#.# ....
≈≈≈.#.#.# .....
#≈.#.#.###......
#≈....@gr...#
#≈.#...§#####.#
##+###+##≈............#
.#.....#.#≈≈.......####.#
.#..#..#.#≈≈.###.#.#
.#..#..#.#≈≈.....#.#
.+.8#8.'.'.............
.#..#..#.#≈≈.....#.####
.#..#..#.#≈≈###.##.#


You could see a quokka (unaware) and a hobgoblin.

Vanquished Creatures (collateral kills)
  A bat (D:1)
1 creature vanquished.

Notes
Turn   | Place    | Note
-------+----------+-------------------------------------------
     0 | D:1      | ChadusMaximus the Human Summoner began the quest for the
                  | Orb.
     0 | D:1      | Reached XP level 1. HP: 13/13 MP: 3/3
    72 | D:1      | Slain by a hobgoblin

Illustrated notes

Levels and vault maps discovered:
D:1:      heliophobic_arrival_glass_houses, layout_basic

Action                   || total
-------------------------++-------
Melee: Unarmed           ||     4
 Cast: Summon Small Mamm ||     3
Armor: Robe              ||     3
Dodge: Dodged            ||     7
